 Dungeon Crawl Stone Soup version 0.27.1-33-g824d729ab1 (webtiles) character file.

Game seed: 16250417923478807842

1292 coolguy420 the Thaumaturge (level 8, -8/37 HPs)
             Began as a Deep Elf Conjurer on Dec 13, 2021.
             Was a Priest of Hepliaklqana.
             Shot with an arrow by a centaur (11 damage)
             ... on level 5 of the Dungeon.
             The game lasted 00:10:48 (6403 turns).

coolguy420 the Thaumaturge (Deep Elf Conjurer)      Turns: 6403, Time: 00:10:48

Health: -8/37      AC:  2    Str:  4    XL:     8   Next: 30%
Magic:  21/22      EV: 14    Int: 26    God:    Hepliaklqana [***...]
Gold:   392        SH:  0    Dex: 19    Spells: 21/24 levels left

rFire    + . .     SeeInvis .   (no weapon)
rCold    + . .     Faith    .   (no shield)
rNeg     . . .     Spirit   .   a - +0 robe
rPois    +         Reflect  .   (no helmet)
rElec    +         Harm     .   (no cloak)
rCorr    +         Rampage  .   (no gloves)
Will     .....                  (no boots)
Stlth    +++.......             (no amulet)
HPRegen  0.12/turn              h - +6 ring of dexterity
MPRegen  0.18/turn              k - ring of wizardry

@: resistant
A: reduced essence
a: Renounce Religion, Recall Ancestor, Ancestor Identity, Transference


You were on level 5 of the Dungeon.
You worshipped Hepliaklqana.
Hepliaklqana was most pleased with you.
You visited 1 branch of the dungeon, and saw 5 of its levels.

You collected 392 gold pieces.

Inventory:

Armour
 a - a +0 robe (worn)
Magical Staves
 p - a staff of death
Jewellery
 h - a +6 ring of dexterity (left hand)
 i - an amulet of faith
 k - a ring of wizardry (right hand)
Scrolls
 c - 2 scrolls of enchant armour {unknown}
 d - a scroll of blinking {unknown}
 e - 3 scrolls of fear {unknown}
 g - 2 scrolls of identify {unknown}
 j - 5 scrolls of teleportation {unknown}
 l - a scroll of amnesia {unknown}
 m - 2 scrolls of immolation {unknown}
 n - a scroll of fog {unknown}
 o - a scroll of silence {unknown}
 t - a scroll of enchant weapon {unknown}
 v - a scroll of magic mapping {unknown}
Potions
 f - a potion of curing {unknown}
 q - 2 potions of degeneration {unknown}
 r - a potion of flight {unknown}
 s - a potion of lignification {unknown}
 u - a potion of attraction {unknown}


   Skills:
 + Level 0.8 Fighting
 + Level 3.5 Dodging
 + Level 5.0 Stealth
 + Level 8.8 Spellcasting
 + Level 8.4 Conjurations


You had 21 spell levels left.
You knew the following spells:

 Your Spells              Type           Power      Damage    Failure   Level
a - Magic Dart            Conj           100%       1d8       1%          1
b - Searing Ray           Conj           100%       3d7       1%          2

Your spell library contained the following spells:

 Spells                   Type           Power      Damage    Failure   Level
 Dazzling Flash           Conj/Hex       66%        N/A       1%          3
 Freeze                   Ice            44%        1d6       2%          1
 Sting                    Tmut/Pois      44%        1d5       2%          1
 Passwall                 Tmut/Erth      9%         N/A       3%          2
 Fulminant Prism          Conj/Hex       16%        3d11      3%          4
 Hailstorm                Conj/Ice       33%        3d8       3%          4
 Iskenderun's Mystic Bla  Conj/Tloc      33%        2d8       3%          4
 Frozen Ramparts          Ice            22%        1d4       6%          3
 Ozocubu's Armour         Ice            11%        N/A       6%          3
 Starburst                Conj/Fire      16%        6d6       45%         6
 Simulacrum               Ice/Necr       5%         N/A       95%         6
 Statue Form              Tmut/Erth      7%         N/A       95%         6
 Ozocubu's Refrigeration  Ice            5%         4d6       100%        7


Dungeon Overview and Level Annotations

Branches:
Dungeon (5/15)
 Temple: D:4-7

Altars:
Elyvilon
Gozag
Hepliaklqana
Makhleb
Sif Muna
Zin


Message History

You now have 392 gold pieces (gained 64).
Items here: )) [ รท.
There is an open door here.
A hound comes into view.
Found a stone staircase leading down.
The magic dart hits the hound.
The hound is moderately wounded.
The magic dart hits the hound.
The hound is moderately wounded.
The magic dart hits the hound.
The hound is severely wounded.
The magic dart hits the hound.
You kill the hound!
Your Stealth skill increases to level 5!
Magic restored.
You swap places.
Found 11 gold pieces.
A centaur comes into view.
A centaur is nearby!
The magic dart hits the centaur.
The centaur is moderately wounded.
The centaur wields a +0 shortbow.
The centaur shoots an arrow.
The arrow hits you!
The magic dart hits the centaur but does no damage.
The centaur is moderately wounded.
The centaur shoots an arrow.
The arrow hits you!
The centaur shoots an arrow.
The arrow hits you.
* * * LOW HITPOINT WARNING * * *
Kenrick hits the centaur with a +0 dagger of draining.
The centaur shoots an arrow.
The arrow hits Kenrick!
The centaur shoots an arrow.
The arrow hits you.
* * * LOW HITPOINT WARNING * * *
Kenrick casts a spell at the centaur.
The centaur resists with some effort.
It was a potion of resistance.
You feel protected.
Kenrick hits the centaur with a +0 dagger of draining!
The centaur shoots an arrow.
The arrow closely misses you.
The centaur shoots an arrow.
The arrow hits you!
You die...

## .# .# #########
.# #.......# .#
#.....$.. .#
#....... .#
###########...# .#
#.....@.....R.# .#
.#
#....#######c..#
#... .# #....#
......#.... .#
#....# .#.#.#.....
.# ####....#
.......##.. .#
...#....########.
..#.###. .#
.>.'...........##.
....##. .#
...#....######..##
.#..... .#
.................#
.....


You could see the friendly Kenrick the hexer and a centaur (ally target).

Vanquished Creatures
  Eustachio (D:4)
  Edmund (D:4)
  A sky beast (D:5)
  2 ogres (D:5)
  A scorpion (D:5)
  2 hounds (D:5)
  A gnoll shaman (D:5)
  A scorpion zombie (D:5)
  Robin (D:2)
  A gnoll (D:5)
  8 adders
  A white imp (D:5)
  A worm (D:3)
  3 orcs
  7 bats
  7 endoplasms
  2 giant cockroaches
  11 goblins
  5 hobgoblins
  3 jackals (D:1)
  9 ball pythons
  2 frilled lizards
  5 kobolds
  6 rats
82 creatures vanquished.

Vanquished Creatures (collateral kills)
  Sigmund (D:4)
  A necrophage (D:5)
  A scorpion (D:4)
  A water moccasin skeleton (D:4)
  A gnoll shaman (D:5)
  4 gnolls (D:5)
  3 goblins (D:2)
  A quokka (D:4)
13 creatures vanquished.

Vanquished Creatures (others)
  A hexer (D:5)
1 creature vanquished.

Grand Total: 96 creatures vanquished

Notes
Turn   | Place    | Note
-------+----------+-------------------------------------------
     0 | D:1      | coolguy420 the Deep Elf Conjurer began the quest for the
                  | Orb.
     0 | D:1      | Reached XP level 1. HP: 10/10 MP: 6/6
   345 | D:1      | Reached XP level 2. HP: 15/15 MP: 5/8
   632 | D:1      | Reached skill level 5 in Conjurations
  1018 | D:1      | Found a faded altar of an unknown god.
  1027 | D:1      | Became a worshipper of Hepliaklqana the Forgotten
  1027 | D:1      | Reached * piety under Hepliaklqana
  1047 | D:1      | Reached XP level 3. HP: 17/17 MP: 6/9
  1761 | D:2      | Noticed Robin
  1768 | D:2      | Killed Robin
  2046 | D:2      | Reached XP level 4. HP: 21/21 MP: 6/11
  2311 | D:2      | Reached ** piety under Hepliaklqana
  2312 | D:2      | Remembered your ancestor Kenrick as a hexer
  2453 | D:2      | Learned a level 2 spell: Searing Ray
  3179 | D:3      | Got the Papyrus of Transmutation and the Snowflakes
  3627 | D:3      | Found a white marble altar of Elyvilon.
  4034 | D:4      | Found a burning altar of Makhleb.
  4079 | D:4      | Noticed Sigmund
  4084 | D:4      | Killed Sigmund
  4085 | D:4      | Reached skill level 5 in Spellcasting
  4085 | D:4      | Reached XP level 5. HP: 25/25 MP: 6/14
  4085 | D:4      | Reached XP level 6. HP: 28/28 MP: 6/16
  4171 | D:4      | Noticed Eustachio
  4187 | D:4      | Killed Eustachio
  4303 | D:4      | Found a glowing silver altar of Zin.
  4312 | D:4      | Noticed Edmund
  4322 | D:4      | Killed Edmund
  4323 | D:4      | Reached XP level 7. HP: 32/32 MP: 8/18
  4575 | D:4      | Reached *** piety under Hepliaklqana
  5289 | D:5      | Entered Level 5 of the Dungeon
  5545 | D:5      | Reached XP level 8. HP: 17/37 MP: 14/22
  5917 | D:5      | Found a shimmering blue altar of Sif Muna.
  5919 | D:5      | Found an opulent altar of Gozag.
  6359 | D:5      | Reached skill level 5 in Stealth
  6403 | D:5      | Shot with an arrow by a centaur

Illustrated notes

Levels and vault maps discovered:
D:1:      heliophobic_arrival_battle_scene, layout_basic,
          shapermc_ecumenical_altar_mp_highgroup, minmay_split_cup_small
D:2:      layout_basic, corner_web_ring, bh_walls_and_bars, uniq_robin
D:3:      minmay_door_path, layout_loops_ring, mainiacjoe_overflow_alcove_1,
          serial_bayou_pond_b
D:4:      minmay_chambers_of_twos, layout_basic,
          mainiacjoe_overflow_cross_hatched, amcnicky_altar_gilded,
          minmay_misc_feat_nine_boxes, roderic_serpentine_path,
          hangedman_decor_slide_cut, chequers_serial_rivers_micro_c,
          uniq_edmund, uniq_eustachio, uniq_sigmund
D:5:      layout_basic, jmf_multi_god_temple, hangedman_decor_opposing,
          minmay_misc_feat_room, minmay_stone_trees_medium

Skill      XL: |  1  2  3  4  5  6  7  8 |
---------------+-------------------------+-----
Conjurations   | 5 6 7 8 |  8.4
Spellcasting   | 5 6 8 |  8.8
Stealth        | 3 4 5 |  5.0
Dodging        | 3 |  3.5
Fighting       | |  0.8

Action                   |  1- 3 |  4- 6 |  7- 9 || total
-------------------------+-------+-------+-------++-------
 Cast: Magic Dart        |    68 |    71 |    93 ||   232
       Searing Ray       |       |     2 |     4 ||     6
Invok: Ancestor Identity |     1 |       |       ||     1
       Ancestor Life: He |       |     1 |       ||     1
  Use: Potion            |       |       |     1 ||     1
Armor: Robe              |     1 |     1 |       ||     2
Dodge: Dodged            |    16 |     8 |     8 ||    32
